 Dungeon Crawl Stone Soup version 0.27.0-1-g7a089689b8 (webtiles) character file.

Game seed: 6195541925867726765

3 ABBCCCDDDD the Grave Robber (level 1, 0/11 HPs)
             Began as a Gargoyle Necromancer on Aug 4, 2021.
             Slain by a jackal (1 damage)
             ... on level 1 of the Dungeon.
             The game lasted 00:01:26 (308 turns).

ABBCCCDDDD the Grave Robber (Gargoyle Necromancer)   Turns: 308, Time: 00:01:27

Health: 0/11       AC: 10    Str: 11    XL:     1   Next: 50%
Magic:  3/3        EV:  5    Int: 15    God:
Gold:   14         SH:  0    Dex: 10    Spells: 3/4 levels left

rFire    . . .     SeeInvis .   (no weapon)
rCold    . . .     Faith    .   (no shield)
rNeg     + . .     Spirit   .   c - +0 chain mail
rPois    ∞         Reflect  .   (no helmet)
rElec    +         Harm     .   (no cloak)
rCorr    .         Rampage  .   (no gloves)
Will     .....                  (no boots)
Stlth    ..........             (no amulet)
HPRegen  0.03/turn              (no ring)
MPRegen  0.08/turn              (no ring)

@: very slightly contaminated, invisible
A: sickness immunity, AC +2, negative energy resistance 1, electricity
resistance, torment resistance 1, petrification resistance
a: no special abilities


You were on level 1 of the Dungeon.
You visited 1 branch of the dungeon, and saw 1 of its levels.

You collected 14 gold pieces.

Inventory:

Armour
 a - a +0 robe
 c - a +0 chain mail (worn)


   Skills:
 * Level 0.7 Fighting
 - Level 1.5 Dodging
 + Level 2.3 Stealth
 - Level 2.0 Spellcasting
 - Level 3.2 Necromancy


You had 3 spell levels left.
You knew the following spells:

 Your Spells              Type           Power      Damage    Failure   Level
a - Pain                  Necr           44%        1d6       98%         1

Your spell library contained the following spells:

 Spells                   Type           Power      Damage    Failure   Level
 Animate Skeleton         Necr           22%        N/A       98%         1
 Vampiric Draining        Necr           5%         2d6       100%        3
 Animate Dead             Necr           5%         N/A       100%        4
 Agony                    Necr           11%        N/A       100%        5


Dungeon Overview and Level Annotations

Branches:
Dungeon (1/15)

Altars:

Annotations:
D:1 exclusion: 2 endoplasms


Innate Abilities, Weirdness & Mutations

You are immune to sickness and miasma.
Your stone body is resilient. (AC +2)
You are immune to poison.
You resist negative energy. (rN+)
You are resistant to electric shocks. (rElec)
You are resistant to unholy torment.
You are immune to petrification.


Message History

The jackal bites the bush but does no damage.
You hit the jackal.
The jackal is heavily wounded.
The jackal bites you.
* * * LOW HITPOINT WARNING * * *
The jackal bites the bush but does no damage.
The jackal bites you but does no damage.
The jackal bites the bush but does no damage.
The jackal bites you but does no damage.
The jackal bites the bush but does no damage.
You closely miss the jackal.
The jackal is moderately wounded.
The jackal bites you but does no damage.
The jackal completely misses the bush.
The jackal bites you but does no damage.
The jackal bites you but does no damage.
You aren't carrying any items that you can evoke.
Unknown command.
You hit the jackal.
The jackal is severely wounded.
The jackal bites you but does no damage.
The jackal barely misses you.
You closely miss the jackal.
The jackal is heavily wounded.
The jackal bites you but does no damage.
You closely miss the jackal.
The jackal is heavily wounded.
The jackal bites you.
* * * LOW HITPOINT WARNING * * *
The jackal bites you but does no damage.
It was a potion of invisibility.
You fade into invisibility!
The jackal bites you but does no damage.
You are very lightly contaminated with residual magic.
Found 26 stones.
The jackal completely misses you.
The jackal bites you but does no damage.
A giant cockroach comes into view.
The jackal bites you.
You die...

..
#.#.#♣.♣.♣.♣########
Ph♣.##.....#
♣P.♣.#♣.♣.♣.♣
..♣.##.....#
...♣..♣.♣.♣#♣
P♣♣♣.##...# #h##.###
#h##.# #@##.#
#...(....B..
#..............
##############.


You could see 2 jackals and a giant cockroach (wandering).

Vanquished Creatures
  A giant cockroach (D:1)
  A jackal (D:1)
  A rat (D:1)
3 creatures vanquished.

Notes
Turn   | Place    | Note
-------+----------+-------------------------------------------
     0 | D:1      | ABBCCCDDDD the Gargoyle Necromancer began the quest for the
                  | Orb.
     0 | D:1      | Reached XP level 1. HP: 10/10 MP: 3/3
   308 | D:1      | Slain by a jackal

Illustrated notes

Levels and vault maps discovered:
D:1:      onia_arrival_handbag, layout_loops_ring, serial_shops, shop,
          serial_forest, infiniplex_forest_fountain, infiniplex_forest_corner_1,
          infiniplex_forest_lined_room_2, infiniplex_forest_clump_small,
          infiniplex_forest_end_2, infiniplex_forest_straight_3,
          infiniplex_forest_clump_curved, infiniplex_forest_corner_1,
          infiniplex_forest_corner_2

Action                   || total
-------------------------++-------
Melee: Unarmed           ||    47
 Cast: Pain              ||     5
  Use: Potion            ||     1
Armor: Chain mail        ||    42
Dodge: Dodged            ||    22
